 Dungeon Crawl Stone Soup version 0.30-a0-777-ga9a30cbeda (webtiles) character file.

Game seed: 3734853606820904203

10154 lunkers the Martial Artist (level 12, -4/102 HPs)
             Began as a Meteoran Transmuter on Feb 13, 2023.
             Was an Initiate of Yredelemnul.
             Shot with an arrow by a centaur warrior (21 damage)
             ... on level 11 of the Dungeon.
             The game lasted 00:19:21 (6197 turns).

lunkers the Martial Artist (Meteoran Transmuter)    Turns: 6197, Time: 00:19:22

Health: -4/102     AC:  7    Str: 13    XL:     12   Next: 15%
Magic:  20/20      EV: 18    Int: 15    God:    Yredelemnul [......]
Gold:   571        SH:  0    Dex: 19    Spells: 4/16 levels left

rFire   . . .      SeeInvis .      - Unarmed
rCold   . . .      Faith    .    (no shield)
rNeg    . . .      Spirit   .    a - +1 robe
rPois   .          Reflect  .    (no helmet)
rElec   .          Harm     .    s - +2 cloak
rCorr   .          Rampage  .    (no gloves)
Will    +....                    B - +0 pair of boots
Stlth   +                        (no amulet)
HPRegen 0.37/turn                e - +4 ring of slaying
MPRegen 0.17/turn                m - +4 ring of slaying

@: glowing
A: sense surroundings 2, otherworldly, glowing, explore regen
a: Renounce Religion, Recall Undead Harvest


You were on level 11 of the Dungeon.
You worshipped Yredelemnul.
Yredelemnul was aware of your devotion.
You visited 1 branch of the dungeon, and saw 11 of its levels.
You also visited: Sewer.

You collected 571 gold pieces.

Inventory:

Missiles
 d - 2 throwing nets
Armour
 a - a +1 robe (worn)
 s - a +2 cloak (worn)
 B - a +0 pair of boots (worn)
Jewellery
 e - a +4 ring of slaying (left hand)
 h - a ring of see invisible
 j - a ring of poison resistance
 m - a +4 ring of slaying (right hand)
 A - a ring of willpower
Wands
 l - a wand of roots (20)
 n - a wand of acid (19)
 v - a wand of mindburst (10)
 y - a wand of flame (15)
Scrolls
 i - 4 scrolls of teleportation
 k - 3 scrolls of enchant armour
 o - a scroll of fear
 r - 2 scrolls of identify
 u - 2 scrolls of amnesia
 w - a scroll of magic mapping
 x - 2 scrolls of enchant weapon
 F - 4 scrolls of immolation {unknown}
Potions
 b - 2 potions of lignification
 c - 4 potions of brilliance
 f - 7 potions of curing
 g - 2 potions of cancellation
 p - 2 potions of mutation
 t - a potion of haste
 z - a potion of magic {unknown}
 C - 2 potions of heal wounds {unknown}
 D - 2 potions of flight
 G - 2 potions of resistance {unknown}
Miscellaneous
 q - a box of beasts
 E - a phial of floods


   Skills:
 + Level 8.2 Fighting
 + Level 9.3 Dodging
 + Level 11.4 Unarmed Combat
 - Level 2.6 Spellcasting
 + Level 10.0 Transmutations
 - Level 3.2 Poison Magic
 + Level 9.6 Invocations


You had 4 spell levels left.
You knew the following spells:

 Your Spells              Type           Power      Damage    Failure   Level
b - Wereblood             Tmut           32%        N/A       1%          2
c - Spider Form           Tmut/Pois      22%        N/A       4%          3
d - Ice Form              Ice/Tmut       17%        N/A       26%         4
p - Beastly Appendage     Tmut           64%        N/A       1%          1
q - Passwall              Tmut/Erth      14%        N/A       4%          2

Your spell library contained the following spells:

 Spells                   Type           Power      Damage    Failure   Level
 Slow                     Hex            8%         N/A       21%         1
 Ensorcelled Hibernation  Hex/Ice        4%         N/A       30%         2
 Sublimation of Blood     Necr           2%         N/A       30%         2
 Confusing Touch          Hex            2%         N/A       52%         3
 Hailstorm                Conj/Ice       2%         3d3       52%         3
 Swiftness                Air            2%         N/A       52%         3
 Vampiric Draining        Necr           2%         2d6       52%         3
 Airstrike                Air            1%         2d(1-17)  90%         4
 Summon Lightning Spire   Summ/Air       2%         N/A       90%         4
 Lightning Bolt           Conj/Air       1%         1d12      99%         5
 Summon Hydra             Summ           1%         N/A       100%        7
 Simulacrum               Ice/Necr       Unusable   N/A       N/A         6

Dungeon Overview and Level Annotations

Branches:
Dungeon (11/15) Zot: 782     Lair (0/5) D:11          Sewer (visited)
 Temple: D:4-7          Orc: D:9-12

Altars:
Cheibriados
Gozag
Kikubaaqudgha
Nemelex Xobeh
Ru
Sif Muna
Yredelemnul

Shops:
D:1 :   D:9 !

Annotations:
D:6 3 runed translucent doors, SpyderV's ghost, novice MiFi; tarna41's ghost, novice MiBe


Innate Abilities, Weirdness & Mutations

You passively map the area around you.
You are easily found by Zot.
You glow in the dark.
You regain HP and MP as you explore.


Message History

You bite the tengu warrior!
The tengu warrior looks as sick as possible!
The tengu warrior is severely wounded.
The tengu warrior completely misses you.
The tengu warrior closely misses you. The tengu warrior barely misses you.
You hit the tengu warrior.
The tengu warrior looks as sick as possible!
The tengu warrior is almost dead.
The tengu warrior hits you with a +0 dire flail!
* * * LOW HITPOINT WARNING * * *
The tengu warrior misses you.
The tengu warrior claws you but does no damage.
You maul the tengu warrior!!
You kill the tengu warrior!
The dead are flying!
Your Transmutations skill increases to level 10!
Things that are here:
a +0 dire flail; a +0 arbalest; a +0 leather armour Your transformation has ended.
Your +2 cloak unmelds from your body.
Your +0 pair of boots unmelds from your body.
Your +1 robe unmelds from your body.
A komodo dragon comes into view.
You see here 9 gold pieces.
You now have 571 gold pieces (gained 9).
The komodo dragon bites your tengu warrior zombie!
Your tengu warrior zombie barely misses the komodo dragon.
Your tengu warrior zombie pecks the komodo dragon.
Your tengu warrior zombie claws the komodo dragon but does no damage.
Your tengu warrior zombie hits the komodo dragon.
Your tengu warrior zombie barely misses the komodo dragon.
Your tengu warrior zombie claws the komodo dragon but does no damage.
Your tengu warrior zombie hits the komodo dragon.
Your tengu warrior zombie pecks the komodo dragon.
Your tengu warrior zombie claws the komodo dragon.
A centaur warrior comes into view. It is wielding a +0 shortbow.
The centaur warrior shouts!
The centaur warrior shoots an arrow.
The arrow hits you!!
You die...
Your body rises from the dead as a mindless zombie.

.................#..##<#..#
...................###.##.# *
.....#...............#..#...
..#.............###...#.####.##
.##...............Y.......##..#
................#..>....>.#...
#.#.............##........#.#
#.#.............##(.........#
#.#.............@####.......#
#......#######.....####.....#
#.......# ##...P...P(##.....#
..#..)..###....l.P..PP#.....#
.#......##.......P....#.....#
........#.....P.P..[PP#.....#
..♣......c.P.PPPP.>.PP#...[.#
.♣♣...#..##PPPPPPP...P#[....#
♣♣♣)...#.###PPPPPPPPP##.....#


You could see a centaur warrior and a komodo dragon.

Vanquished Creatures
  A tengu warrior (D:11)
  An ugly thing (D:11)
  A manticore (D:11)
  An unseen horror (D:11)
  A komodo dragon (D:11)
  A kobold demonologist (D:10)
  A troll (D:7)
  Grinder (Sewer)
  Sigmund (D:2)
  A wraith (D:11)
  12 yaks
  A vampire (D:9)
  4 vampire mosquitoes
  A steam dragon (D:4)
  An acid dragon (D:10)
  4 wargs (D:10)
  6 orc warriors
  An ice beast (D:6)
  An ogre (D:6)
  3 centaurs
  A phantom (Sewer)
  4 kobold brigands
  3 scorpions
  3 bullfrogs
  A gnoll sergeant (D:8)
  4 wights (D:8)
  3 killer bees (D:7)
  A howler monkey (D:7)
  10 orc priests
  A jelly (D:6)
  A gnoll bouda (D:7)
  5 hounds
  Crazy Yiuf (D:6)
  Jessica (D:2)
  18 orc wizards
  Terence (D:2)
  17 gnolls
  6 adders
  2 shadow imps (Sewer)
  3 ufetubi
  3 worms
  2 dart slugs
  22 orcs
  4 bats
  7 endoplasms
  2 giant cockroaches
  4 goblins
  3 hobgoblins
  5 jackals
  24 kobolds
  5 quokkas
  4 ball pythons
  4 frilled lizards
  2 giant cockroach zombies (Sewer)
  A kobold zombie (Sewer)
  4 rats
226 creatures vanquished.

Vanquished Creatures (collateral kills)
  A centaur warrior (D:11)
  A yak (D:8)
  An orc priest (D:4)
  An orc wizard (D:10)
  A white imp (D:8)
  A worm (D:5)
  6 orcs
  A jackal (D:1)
  2 ball pythons
  2 kobolds
17 creatures vanquished.

Vanquished Creatures (others)
  An unseen horror zombie (D:11)
  A tengu zombie (D:11)
  A vampire mosquito zombie (D:10)
  2 warg zombies (D:10)
  A troll zombie (D:7)
  A yak zombie (D:8)
  9 orc zombies
  A bat zombie (D:5)
  6 gnoll zombies
  An endoplasm zombie (D:1)
  A giant cockroach zombie (D:1)
  A jackal zombie (D:2)
  5 kobold zombies
  A quokka zombie (D:4)
  A fungus (D:1)
  11 plants
  6 withered plants (D:6)
50 creatures vanquished.

Grand Total: 293 creatures vanquished

Notes
Turn   | Place    | Note
-------+----------+-------------------------------------------
     0 | D:1      | lunkers the Meteoran Transmuter began the quest for the
                  | Orb.
     0 | D:1      | Reached XP level 1. HP: 16/16 MP: 5/5
    67 | D:1      | Found Feiruoro's Vocational Training.
   131 | D:1      | Found a faded altar of an unknown god.
   203 | D:1      | Reached skill level 4 in Unarmed Combat
   209 | D:1      | Reached XP level 2. HP: 21/23 MP: 6/6
   274 | D:1      | Prayed at the altar of an unknown god.
   274 | D:1      | Became a worshipper of Yredelemnul the Dark
   274 | D:1      | Reached * piety under Yredelemnul
   407 | D:1      | Reached ** piety under Yredelemnul
   409 | D:1      | Reached XP level 3. HP: 26/28 MP: 8/8
   476 | D:2      | Learned a level 2 spell: Wereblood
   485 | D:2      | Learned a level 3 spell: Spider Form
   501 | D:2      | Reached skill level 5 in Unarmed Combat
   603 | D:2      | Noticed Jessica
   609 | D:2      | Killed Jessica
   610 | D:2      | Reached XP level 4. HP: 35/35 MP: 1/9
   726 | D:2      | Noticed Sigmund
   940 | D:2      | Killed Sigmund
   941 | D:2      | Reached XP level 5. HP: 31/40 MP: 4/10
   941 | D:2      | Reached XP level 6. HP: 37/47 MP: 4/11
  1051 | D:2      | Noticed Terence
  1058 | D:2      | Killed Terence
  1059 | D:2      | Reached skill level 6 in Unarmed Combat
  1106 | D:2      | Glimpsed the power of Zot.
  1226 | D:3      | Reached skill level 1 in Invocations
  1226 | D:3      | Reached XP level 7. HP: 39/52 MP: 12/12
  1669 | D:4      | Noticed a steam dragon
  1678 | D:4      | Killed a steam dragon
  1789 | D:4      | Reached skill level 5 in Transmutations
  1789 | D:4      | Reached XP level 8. HP: 36/62 MP: 13/13
  1826 | D:4      | Reached skill level 7 in Unarmed Combat
  1984 | D:5      | Entered Level 5 of the Dungeon
  2014 | D:5      | Found a snail-covered altar of Cheibriados.
  2061 | D:5      | Found a sparkling altar of Nemelex Xobeh.
  2203 | D:5      | Found a sacrificial altar of Ru.
  2348 | D:5      | Found a glowing drain.
  2364 | Sewer    | Entered a sewer
  2456 | Sewer    | Found an ancient bone altar of Kikubaaqudgha.
  2471 | Sewer    | Noticed Grinder
  2481 | Sewer    | Killed Grinder
  2482 | Sewer    | Reached skill level 8 in Unarmed Combat
  2482 | Sewer    | Gained mutation: You passively map the area around you.
                  | [Meteoran growth]
  2482 | Sewer    | Reached XP level 9. HP: 56/70 MP: 14/14
  2895 | D:6      | Found a runed translucent gate.
  2896 | D:6      | Found a runed translucent gate.
  2896 | D:6      | Found a runed translucent gate.
  2899 | D:6      | Noticed SpyderV's ghost (novice MiFi)
  2899 | D:6      | Noticed tarna41's ghost (novice MiBe)
  2929 | D:6      | Reached skill level 5 in Dodging
  2962 | D:6      | Found a shimmering blue altar of Sif Muna.
  3107 | D:6      | Identified the +0 chain mail of the Shining Light {rN+
                  | Dex+4}
  3189 | D:6      | Found a runed translucent door.
  3191 | D:6      | Noticed Crazy Yiuf
  3197 | D:6      | Killed Crazy Yiuf
  3278 | D:6      | Found an ancient bone altar of Kikubaaqudgha.
  3334 | D:6      | Reached skill level 5 in Invocations
  3442 | D:7      | Reached skill level 9 in Unarmed Combat
  3531 | D:7      | Reached XP level 10. HP: 45/80 MP: 12/15
  3535 | D:7      | Reached skill level 5 in Fighting
  3634 | D:7      | Reached *** piety under Yredelemnul
  3973 | D:8      | Learned a level 2 spell: Passwall
  3978 | D:8      | Learned a level 4 spell: Ice Form
  4117 | D:8      | Reached skill level 10 in Unarmed Combat
  4316 | D:8      | Reached XP level 11. HP: 84/91 MP: 17/17
  4522 | D:9      | Found Nysmya's Distillery.
  4672 | D:9      | Found an opulent altar of Gozag.
  4983 | D:10     | Entered Level 10 of the Dungeon
  5885 | D:11     | Noticed a manticore
  5894 | D:11     | Killed a manticore
  5895 | D:11     | Reached skill level 11 in Unarmed Combat
  5938 | D:11     | Found a staircase to the Lair.
  6023 | D:11     | Noticed a purple ugly thing
  6036 | D:11     | Killed a purple ugly thing
  6129 | D:11     | Noticed a centaur warrior
  6136 | D:11     | Killed a centaur warrior
  6137 | D:11     | Reached XP level 12. HP: 91/101 MP: 17/20
  6152 | D:11     | Noticed a tengu warrior
  6164 | D:11     | HP: 5/101 [tengu warrior/+0 dire flail (15)]
  6165 | D:11     | Killed a tengu warrior
  6166 | D:11     | Reached skill level 10 in Transmutations
  6197 | D:11     | Noticed a centaur warrior
  6197 | D:11     | Shot with an arrow by a centaur warrior

Illustrated notes

Levels and vault maps discovered:
D:1:      dpeg_arrival_arbitrary_c, layout_loops_ring,
          dreamdust_ecumenical_altar_hidden_monk_grotto, nicolae_shop_vocational
D:2:      layout_loops_ring, uniq_jessica, uniq_sigmund, uniq_terence
D:3:      layout_loops_corners, mainiacjoe_overflow_alcove_2,
          chequers_temple_overflow_minitemple, mainiacjoe_overflow_tiny_flanked,
          mrwooster_statue_mirror, grunt_decor_mini_mirrors, uniq_robin
D:4:      layout_loops_ring, minmay_temple_entry_fiery
D:5:      layout_basic, nemelex_spade_bored_becter,
          mainiacjoe_overflow_alcove_4, mainiacjoe_overflow_chevrons,
          cheibrodos_sewer_entry_sluice, serial_glass, glass_columns_c,
          glass_columns_c, serial_bayou_pond_d
D:6:      layout_basic, kennysheep_little_box, mainiacjoe_overflow_alcove_1,
          gammafunk_ghost_cemetery, uniq_crazy_yiuf_cottage
D:7:      layout_loops_ring, grunt_temple_overflow_champion_of_chaos
D:8:      layout_basic, kennysheep_generic_room_6
D:9:      layout_loops_cross, nicolae_gozag_cash_rules_everything_around_me,
          serial_shops, nicolae_take_the_stairs, minmay_evil_grid
D:10:     layout_irregular_city, nooodl_orcs_dogs
D:11:     layout_rooms, david_lair_shrubbed, kb_rosetta

Skill      XL: |  1  2  3  4  5  6  7  8  9 10 11 12 |
---------------+-------------------------------------+-----
Unarmed Combat | 4 5 6 8 9 10 11 | 11.4
Transmutations | 4 5 7 8 9 10 | 10.0
Poison Magic   | 3 |  3.2
Invocations    | 1 2 4 5 7 9 |  9.6
Fighting       | 2 3 4 6 8 |  8.2
Dodging        | 3 4 5 7 9 |  9.3
Spellcasting   | |  2.6

Action                     |  1- 3 |  4- 6 |  7- 9 | 10-12 || total
---------------------------+-------+-------+-------+-------++-------
  Melee: Unarmed           |    35 |    50 |   213 |   259 ||   557
         Kick              |     8 |     2 |       |       ||    10
         Punch             |     1 |       |       |     1 ||     2
         Headbutt          |     2 |     1 |       |       ||     3
   Cast: Beastly Appendage |     7 |     5 |       |       ||    12
         Spider Form       |       |     5 |    28 |    28 ||    61
 Invoke: Dark Bargain      |       |       |     1 |       ||     1
    Use: Scroll            |     1 |     3 |     6 |     8 ||    18
         Potion            |       |     1 |       |     2 ||     3
   Stab: Distracted        |       |       |       |     3 ||     3
 Armour: Robe              |     7 |     5 |     9 |     6 ||    27
         Skin              |       |     1 |    10 |    12 ||    23
  Dodge: Dodged            |    17 |    26 |   155 |   267 ||   465

Table legend: (Time is in decaauts)
 A = Elapsed time spent in this place.
 B = Non-inter-level travel time spent in this place.
 C = Inter-level travel time spent in this place.
 D = Time resting spent in this place.
 E = Time spent auto-exploring this place.
 F = Levels seen in this place.
 G = Mean time per level.
                   A        B        C        D        E       F      G
               +--------+--------+--------+--------+--------+-----+--------+
         Total |   6124 |   5728 |    396 |      0 |   4169 |  12 |  510.3 |
       Dungeon |   5816 |   5420 |    396 |      0 |   3993 |  11 |  528.7 |
         Sewer |    308 |    308 |      0 |      0 |    176 |   1 |  308.0 |
               +--------+--------+--------+--------+--------+-----+--------+

Top non-repeatable levels by time:
    D:10: 862 daAuts
     D:1: 594 daAuts
     D:5: 576 daAuts
     D:9: 576 daAuts
     D:8: 567 daAuts
     D:2: 514 daAuts
     D:6: 510 daAuts
     D:7: 506 daAuts
     D:3: 477 daAuts
     D:4: 382 daAuts
   Sewer: 308 daAuts
    D:11: 246 daAuts
